 Dungeon Crawl Stone Soup version 0.29-a0-821-g66395355a5 (webtiles) character file.

Game seed: 2161850140165024028

14 blackman the Chopper (level 2, -2/24 HPs)
             Began as a Human Chaos Knight on July 7, 2022.
             Was a Plaything of Xom.
             Slain by a worm (15 damage)
             ... on level 2 of the Dungeon.
             The game lasted 00:01:08 (385 turns).

blackman the Chopper (Human Chaos Knight)            Turns: 385, Time: 00:01:08

Health: -2/24      AC:  5    Str: 12    XL:     2   Next: 55%
Magic:  2/2        EV: 11    Int: 12    God:    Xom [...*..]
Gold:   67         SH:  0    Dex: 12    Spells: 1/1 levels left

rFire   . . .      SeeInvis .   a - +0 hand axe (chaos)
rCold   . . .      Faith    .   (no shield)
rNeg    . . .      Spirit   .   b - +2 leather armour
rPois   .          Reflect  .   (no helmet)
rElec   .          Harm     .   (no cloak)
rCorr   .          Rampage  .   (no gloves)
Will    .....                   (no boots)
Stlth   +.........              (no amulet)
HPRegen 0.08/turn               (no ring)
MPRegen 0.08/turn               (no ring)

@: no status effects
A: no striking features
a: Renounce Religion


You were on level 2 of the Dungeon.
You worshipped Xom.
You were a favourite toy of Xom.
You visited 1 branch of the dungeon, and saw 2 of its levels.

You collected 67 gold pieces.

Inventory:

Hand Weapons
 a - a +0 hand axe of chaos (weapon)
Armour
 b - a +2 leather armour (worn)
Scrolls
 d - a scroll of vulnerability {unknown}
Miscellaneous
 c - a piece from Xom's chessboard (15/15) (quivered)


   Skills:
 - Level 3.0 Fighting
 + Level 3.7 Axes
 - Level 2.0 Armour
 - Level 1.0 Dodging


You had one spell level left.
You didn't know any spells.
Your spell library was empty.

Dungeon Overview and Level Annotations

Branches:
Dungeon (2/15)

Altars:


Message History

You hit the quokka. The quokka barely misses you. The worm closely misses you.
The quokka closely misses you.
You completely miss the quokka.
The quokka is heavily wounded.
You barely miss the worm. The quokka closely misses you.
The worm bites you but does no damage.
You hit the worm. You burn the worm.
The worm is moderately wounded.
You barely miss the quokka. The quokka misses you.
You hit the worm.
The worm is heavily wounded.
You barely miss the quokka. The quokka completely misses you.
The worm bites you. The quokka completely misses you.
You hit the worm. You freeze the worm.
The worm is heavily wounded.
You hit the quokka. You burn the quokka.
You kill the quokka!
Your piece from Xom's chessboard (15/15) has regained one charge.
You hit the worm.
The worm seems to grow stronger.
Xom is mildly amused.
The worm is heavily wounded.
The worm closely misses you.
You barely miss the worm.
The worm is heavily wounded.
The worm barely misses you.
You barely miss the worm.
The worm is heavily wounded.
You barely miss the worm.
The worm is heavily wounded.
The worm closely misses you.
You hit the worm but do no damage.
The worm is heavily wounded.
The worm closely misses you.
You hit the worm.
You feel better.
The worm is heavily wounded.
You hit the worm but do no damage.
The worm is poisoned.
The worm is heavily wounded.
The worm bites you!
Ouch! That really hurt!
You die...

#.#.##....#####
..#.....#.#
#####...#.# #
#....##.# .#
#.##.##[#
####.## ...
#.##.#####?....#
##.
...#..........#
##
#..#.#####.##.#
...#(......@†.#
....#####w!#.#
.... ..... .#
##### ##..... ..
##..... ..
#..#.## ##
#.#..# #. #.#


You could see a worm (strong, very poisoned).

Vanquished Creatures
  A dart slug (D:2)
  A giant cockroach (D:1)
  A goblin (D:1)
  2 jackals (D:1)
  A quokka (D:2)
  4 ball pythons
  A frilled lizard (D:1)
  A spectral goblin (D:2)
12 creatures vanquished.

Notes
Turn   | Place    | Note
-------+----------+-------------------------------------------
     0 | D:1      | blackman the Human Chaos Knight began the quest for the
                  | Orb.
     0 | D:1      | Reached XP level 1. HP: 18/18 MP: 1/1
    64 | D:1      | XOM: silly message
   102 | D:1      | Reached XP level 2. HP: 20/24 MP: 2/2
   105 | D:1      | You fall into a shaft and drop 1 floor!
   186 | D:2      | Found a faded altar of an unknown god.
   231 | D:2      | XOM: silly message
   279 | D:2      | XOM: god gift: 51 gold pieces
   385 | D:2      | Slain by a worm

Illustrated notes

Levels and vault maps discovered:
D:1:      eino_arrival_water_star, layout_basic
D:2:      layout_loops_ring, dreamdust_ecumenical_altar_drowned_temple

Action                   || total
-------------------------++-------
Melee: Hand axe          ||    46
Evoke: Piece from Xom's  ||     1
Armor: Leather armour    ||    14
Dodge: Dodged            ||    29

Table legend: (Time is in decaauts)
 A = Elapsed time spent in this place.
 B = Non-inter-level travel time spent in this place.
 C = Inter-level travel time spent in this place.
 D = Time resting spent in this place.
 E = Time spent auto-exploring this place.
 F = Levels seen in this place.
 G = Mean time per level.
                   A        B        C        D        E       F      G
               +--------+--------+--------+--------+--------+-----+--------+
         Total |    392 |    388 |      4 |      0 |    299 |   2 |  196.0 |
       Dungeon |    392 |    388 |      4 |      0 |    299 |   2 |  196.0 |
               +--------+--------+--------+--------+--------+-----+--------+

Top non-repeatable levels by time:
     D:2: 284 daAuts
     D:1: 107 daAuts
